 Dungeon Crawl Stone Soup version 0.28-a0-845-gfc338a8e3c (webtiles) character file.

Game seed: 17277919407085469468

3848 cheechan the Quickloader (level 10, -7/71 HPs)
             Began as an Octopode Hunter on Nov 12, 2021.
             Was an Initiate of Gozag.
             Killed from afar by a steam dragon (28 damage)
             ... with a ball of steam
             ... on level 8 of the Dungeon.
             The game lasted 00:40:39 (9983 turns).

cheechan the Quickloader (Octopode Hunter)          Turns: 9983, Time: 00:40:39

Health: -7/71      AC:  1    Str: 11    XL:     10   Next: 18%
Magic:  10/10      EV: 14    Int: 15    God:    Gozag
Gold:   1035       SH:  7    Dex: 15    Spells: 4/9 levels left

rFire   . . .      SeeInvis .   a - +3 hand crossbow (flame)
rCold   . . .      Faith    .   g - +2 buckler
rNeg    . . .      Spirit   .   (helmet restricted)
rPois   .          Reflect  .   x - amulet of magic regeneration
rElec   .          Harm     .   h - ring of fire
rCorr   .          Rampage  .   s - ring of ice
Will    .....                   (no ring)
Stlth   ++++......              (no ring)
HPRegen 0.21/turn               (no ring)
MPRegen 0.37/turn               (no ring)
                                (no ring)
                                (no ring)

@: gold aura, slowed, very slow
A: almost no armour, amphibious, 8 rings, camouflage 1, gelatinous body 1,
(nimble swimmer 1), tentacles
a: Renounce Religion, Potion Petition, Call Merchant, Bribe Branch


You were on level 8 of the Dungeon.
You worshipped Gozag.
Gozag was most pleased with you.
You visited 1 branch of the dungeon, and saw 8 of its levels.

You collected 1082 gold pieces.
You paid 47 gold pieces to Gozag.

Inventory:

Hand Weapons
 a - a +3 hand crossbow of flaming (weapon)
 b - a +4 great sword
 i - a +0 hunting sling
 k - a +1 war axe of flaming
 l - a +2 vampiric dagger
 q - the +1 short sword "Hemm" {venom, Dex+3}
   (You found it on level 5 of the Dungeon)

   It poisons the flesh of those it strikes.
   Dex:       It affects your dexterity (+3).
 v - a +0 shortbow
 B - a +2 dagger of venom
 D - a +2 great sword of freezing
Missiles
 c - 33 bolts (quivered ammo)
 d - 79 arrows
 e - 56 sling bullets
 n - 13 boomerangs
 r - 2 curare-tipped darts
 y - 4 atropa-tipped darts
 z - 11 poisoned darts
Armour
 g - a +2 buckler (worn)
Jewellery
 h - a ring of fire (left tentacle)
 s - a ring of ice (right tentacle)
 x - an amulet of magic regeneration (around mantle)
Potions
 f - a potion of resistance
 j - a potion of ambrosia
 m - 2 potions of haste
 o - 2 potions of attraction
 p - 2 potions of lignification
 t - a potion of invisibility {unknown}
 u - a potion of berserk rage {unknown}
 A - 2 potions of brilliance {unknown}
 C - a potion of magic {unknown}


   Skills:
 + Level 7.3 Fighting
 + Level 1.8(2.0) Slings
 + Level 11.4 Crossbows
 + Level 1.1(1.6) Throwing
 + Level 4.1 Dodging
 + Level 5.2 Stealth
 + Level 2.9 Shields


You had 4 spell levels left.
You knew the following spells:

 Your Spells              Type           Power      Damage    Failure   Level
a - Blink                 Tloc           0%         N/A       43%         2
b - Lesser Beckoning      Tloc           0%         N/A       67%         3

Your spell library contained the following spells:

 Spells                   Type           Power      Damage    Failure   Level
 Tukima's Dance           Hex            0%         N/A       67%         3
 Passage of Golubria      Tloc           0%         N/A       97%         4
 Manifold Assault         Tloc           0%         N/A       100%        5
 Yara's Violent Unravell  Hex/Tmut       0%         3d3       100%        5


Dungeon Overview and Level Annotations

Branches:
Dungeon (8/15)             Temple (0/1) D:5            Lair (0/6) D:8

Altars:
Gozag
Hepliaklqana
Vehumet

Shops:
D:4 :


Innate Abilities, Weirdness & Mutations

You cannot wear most types of armour.
You are amphibious.
You can wear up to eight rings at the same time.
Your skin changes colour to match your surroundings (Stealth+).
Your rubbery body absorbs attacks. (AC +1, EV +1)
((You are camouflaged near water. (Stealth+)))
You have tentacles for arms and can constrict up to eight enemies at once.


Message History

You kill the kobold brigand!
You feel extremely sick.
You feel better.
A kobold comes into view. It is wielding a +0 short sword.
The steam dragon breathes steam at you. The ball of steam misses you.
The kobold moves out of view.
Fire: 36 bolts
Press: ? - help, Shift-Dir - straight line, f - steam dragon
Aim: a steam dragon (steam, 72% to hit)
You shoot a bolt.
The bolt closely misses the steam dragon.
The kobold throws a stone.
The stone hits you but does no damage.
Unknown command.
Fire: 35 bolts
Press: ? - help, Shift-Dir - straight line, f/p - steam dragon
Aim: a steam dragon (72% to hit)
You shoot a bolt.
The bolt barely misses the steam dragon.
The steam dragon bites you! The steam dragon claws you.
Unknown command.
Fire: 34 bolts
Press: ? - help, Shift-Dir - straight line, f/p - steam dragon
Aim: a steam dragon (72% to hit)
You shoot a bolt.
The bolt closely misses the steam dragon.
The steam dragon breathes steam at you. The ball of steam hits you!!
* * * LOW HITPOINT WARNING * * *
The steam dragon bites you but does no damage.
You block the steam dragon's attack.
You hear a shout!
Okay, then.
The steam dragon bites you but does no damage.
You block the steam dragon's attack.
The steam dragon bites you but does no damage.
The steam dragon closely misses you. The steam dragon breathes steam at you.
The ball of steam hits you!!
You die...
Your body crumbles into a pile of gold.

..#≈≈§≈≈# #.#.#
...≈§≈≈# #.#.# ≈...≈§##
#.#.# ≈≈...## #.#.#
#≈≈...#####.#.# ..
##≈≈......#...# #.#
##≈≈≈≈≈......# ....
#####≈≈.....#### #..⌠
#####≈≈...#.[)@### ...
##≈≈≈≈≈....#.##.§.##.#
##≈≈......###.#...D...#
#≈≈...##### #.#.###K###
≈≈...## #>..#.§.$$#
≈..§≈≈## ##..#....(# $
...≈≈≈§# #.........$#
..#≈≈≈§§# #..#.....#((#
$ .###§≈§§≈#
#..#.....#.$..


You could see a steam dragon (catching breath) and a kobold.

Vanquished Creatures
  A komodo dragon (D:8)
  A troll (D:7)
  A hornet (D:7)
  A wraith (D:6)
  2 orc warriors
  A black bear (D:6)
  3 ogres
  3 centaurs
  2 bullfrogs
  3 kobold brigands
  5 scorpions
  A water moccasin skeleton (D:6)
  3 wights (D:8)
  8 crimson imps (D:7)
  3 centaur zombies
  8 orc priests
  2 jellies (D:6)
  3 hounds
  2 bullfrog skeletons
  Jessica (D:2)
  6 iguanas
  3 centaur skeletons (D:7)
  4 orc wizards
  7 gnolls
  6 adders
  2 shadow imps
  A white imp (D:7)
  An adder skeleton (D:4)
  2 worms (D:3)
  A dart slug (D:3)
  28 orcs
  6 bats
  3 endoplasms
  4 giant cockroaches
  5 goblins
  3 hobgoblins
  2 jackals (D:1)
  11 kobolds
  4 quokkas
  3 ball pythons
  2 frilled lizards
  11 rats
169 creatures vanquished.

Vanquished Creatures (others)
  30 plants
30 creatures vanquished.

Grand Total: 199 creatures vanquished

Notes
Turn   | Place    | Note
-------+----------+-------------------------------------------
     0 | D:1      | cheechan the Octopode Hunter began the quest for the Orb.
     0 | D:1      | Reached XP level 1. HP: 14/14 MP: 1/1
   253 | D:1      | Reached XP level 2. HP: 18/19 MP: 2/2
  1033 | D:2      | Found a radiant altar of Vehumet.
  1126 | D:2      | Reached XP level 3. HP: 24/24 MP: 3/3
  1242 | D:2      | Reached skill level 5 in Crossbows
  1642 | D:2      | Noticed Jessica
  1648 | D:2      | Killed Jessica
  1649 | D:2      | Reached XP level 4. HP: 29/29 MP: 4/4
  1899 | D:3      | Reached XP level 5. HP: 21/35 MP: 5/5
  1985 | D:3      | Reached skill level 6 in Crossbows
  2123 | D:3      | Found a faded altar of an unknown god.
  2528 | D:3      | Found an opulent altar of Gozag.
  2557 | D:3      | Became a worshipper of Gozag Ym Sagoz the Greedy
  2707 | D:3      | Reached XP level 6. HP: 41/41 MP: 6/6
  2805 | D:4      | Found Puger's Book Shoppe.
  2927 | D:4      | Reached skill level 7 in Crossbows
  2927 | D:4      | Reached XP level 7. HP: 31/46 MP: 7/7
  4314 | D:5      | Entered Level 5 of the Dungeon
  4348 | D:5      | Found a staircase to the Ecumenical Temple.
  4424 | D:5      | Found a hazy altar of Hepliaklqana.
  4630 | D:5      | Reached skill level 8 in Crossbows
  4917 | D:5      | Identified the +1 short sword "Hemm" {venom, Dex+3}
  4981 | D:5      | Reached XP level 8. HP: 50/54 MP: 8/8
  6050 | D:6      | Noticed a wraith
  6062 | D:6      | Killed a wraith
  6063 | D:6      | Reached skill level 9 in Crossbows
  6063 | D:6      | Reached skill level 1 in Shields
  6403 | D:6      | Reached skill level 5 in Fighting
  6748 | D:6      | Reached XP level 9. HP: 61/61 MP: 9/9
  6785 | D:6      | Learned a level 2 spell: Blink
  6789 | D:6      | Learned a level 3 spell: Lesser Beckoning
  6978 | D:7      | Reached skill level 10 in Crossbows
  7269 | D:7      | Noticed a hornet
  7315 | D:7      | Killed a hornet
  7321 | D:7      | Noticed a troll
  7908 | D:7      | Killed a troll
  8161 | D:7      | Reached skill level 1 in Slings
  8559 | D:7      | Reached skill level 11 in Crossbows
  9496 | D:8      | Found a staircase to the Lair.
  9500 | D:8      | Noticed a komodo dragon
  9522 | D:8      | Killed a komodo dragon
  9523 | D:8      | Reached skill level 1 in Throwing
  9523 | D:8      | Reached XP level 10. HP: 71/71 MP: 10/10
  9615 | D:8      | Reached skill level 5 in Stealth
  9983 | D:8      | Killed from afar by a steam dragon

Illustrated notes

Levels and vault maps discovered:
D:1:      zelgadis_glass_arrival_small, layout_basic
D:2:      layout_basic, basic_altar, uniq_jessica
D:3:      layout_loops_ring, grunt_gozag_breadcrumbs,
          hellmonk_ecumenical_altar_lost_god
D:4:      layout_gridville, serial_shops, nicolae_stop_n_shop_1
D:5:      layout_rooms, nicolae_overflow_crystal_walls,
          minmay_temple_entry_large_hall, serial_bayou_lagoon_b
D:6:      minmay_evil_eye, layout_basic
D:7:      layout_basic, minmay_nine_imps
D:8:      minmay_weird_star, layout_basic, david_lair_shrubbed,
          minmay_chambers_of_fives, uniq_psyche

Skill      XL: |  1  2  3  4  5  6  7  8  9 10 |
---------------+-------------------------------+-----
Crossbows      | 5 6 7 8 9 11 | 11.4
Stealth        | 2 3 4 5 |  5.2
Fighting       | 3 5 7 |  7.3
Shields        | 1 2 |  2.9
Dodging        | 3 4 |  4.1
Slings         | 1 |  1.8
Throwing       | 1 |  1.1

Action                   |  1- 3 |  4- 6 |  7- 9 | 10-12 || total
-------------------------+-------+-------+-------+-------++-------
Melee: Hand crossbow     |    17 |     7 |       |       ||    24
       Constrict         |     7 |     2 |     2 |       ||    11
       Tentacles         |     1 |     1 |     1 |       ||     3
       Short sword       |       |       |     3 |       ||     3
 Fire: Hand crossbow     |    51 |    59 |   303 |    30 ||   443
       Hunting sling     |       |       |     7 |       ||     7
Throw: Boomerang         |       |       |     6 |       ||     6
       Dart              |       |       |     1 |       ||     1
  Use: Scroll            |     2 |     7 |    12 |     1 ||    22
       Potion            |       |     2 |     2 |     1 ||     5
 Stab: Sleeping          |     1 |       |       |       ||     1
Armor: Skin              |     8 |     4 |     4 |     4 ||    20
Dodge: Dodged            |    30 |    17 |    87 |     6 ||   140
Block: Buckler           |     1 |     3 |    37 |     7 ||    48

Table legend: (Time is in decaauts)
 A = Elapsed time spent in this place.
 B = Non-inter-level travel time spent in this place.
 C = Inter-level travel time spent in this place.
 D = Time resting spent in this place.
 E = Time spent auto-exploring this place.
 F = Levels seen in this place.
 G = Mean time per level.
                   A        B        C        D        E       F      G
               +--------+--------+--------+--------+--------+-----+--------+
         Total |  10052 |  10052 |      0 |   2086 |      0 |   8 | 1256.5 |
       Dungeon |  10052 |  10052 |      0 |   2086 |      0 |   8 | 1256.5 |
               +--------+--------+--------+--------+--------+-----+--------+

Top non-repeatable levels by time:
     D:7: 2170 daAuts
     D:6: 1660 daAuts
     D:4: 1518 daAuts
     D:1: 1009 daAuts
     D:5: 989 daAuts
     D:3: 969 daAuts
     D:8: 867 daAuts
     D:2: 866 daAuts
